 Dungeon Crawl Stone Soup version 0.23-a0-422-g30b1108 (webtiles) character file.

15085 Azzok the Geomancer (level 11, -9/81 HPs)
             Began as a Deep Dwarf Earth Elementalist on Nov 14, 2018.
             Was an Elder of Makhleb.
             Mangled by a spiny frog (11 damage)
             ... on level 2 of the Lair of Beasts.
             The game lasted 00:30:42 (18016 turns).

Azzok the Geomancer (DDEE)                         Turns: 18016, Time: 00:30:42

Health: -9/81      AC:  7    Str: 12    XL:     11   Next: 97%
Magic:  10/24      EV: 12    Int: 24    God:    Makhleb [****..]
Gold:   571        SH:  0    Dex: 13    Spells: 20/29 levels left

rFire    + . .     SeeInvis .   G - +0 blowgun
rCold    x . .     Gourm    .   (no shield)
rNeg     . . .     Faith    +   y - +0 robe
rPois    .         Spirit   .   a - +0 helmet
rElec    .         Reflect  .   (no cloak)
rCorr    .         Harm     .   I - +2 pair of gloves
MR       +....                  t - +0 pair of boots
Stlth    ++........             E - amulet of faith
HPRegen  0.00/turn              n - ring of fire
MPRegen  0.19/turn              v - +5 ring of intelligence

@: lethally poisoned (-9 -> -9), non-regenerating
A: damage resistance, heal wounds, sense surroundings 2, no regeneration
a: Heal Wounds, Minor Destruction, Lesser Servant of Makhleb, Major Destruction,
Renounce Religion


You were on level 2 of the Lair of Beasts.
You worshipped Makhleb.
Makhleb was greatly pleased with you.
You were hungry.

You visited 2 branches of the dungeon, and saw 12 of its levels.

You collected 571 gold pieces.

Inventory:

Hand Weapons
 u - a +3 dagger
 w - a cursed +4 morningstar of freezing
 G - a +0 blowgun (weapon)
Missiles
 l - 38 poisoned needles (quivered)
 o - 21 stones
Armour
 a - a +0 helmet (worn)
 t - a +0 pair of boots (worn)
 y - a +0 robe (worn)
 I - a +2 pair of gloves (worn)
Jewellery
 c - an uncursed ring of protection from cold
 n - a ring of fire (left hand)
 q - an uncursed ring of protection from magic
 v - a +5 ring of intelligence (right hand)
 C - a +4 ring of protection
 E - an amulet of faith (around neck)
 F - an uncursed ring of protection from cold
Wands
 m - a wand of flame (61)
 p - a wand of digging (3)
 H - a wand of acid (8)
Scrolls
 f - a scroll of fog
 g - 4 scrolls of teleportation
 h - 3 scrolls of enchant armour
 i - 5 scrolls of blinking
 j - a scroll of amnesia
 x - 3 scrolls of remove curse
 z - 2 scrolls of enchant weapon
 A - 2 scrolls of fear
 D - a scroll of identify
 K - a scroll of magic mapping
Potions
 b - 2 potions of mutation {!q}
 e - a potion of brilliance
 k - 3 potions of flight
 r - 2 potions of haste
 s - a potion of might
 B - 2 potions of curing
Comestibles
 d - 11 rations


   Skills:
 - Level 2.1 Dodging
 - Level 2.4 Stealth
 + Level 9.9 Spellcasting
 + Level 10.1 Conjurations
   Level 0.8 Transmutations
 + Level 14.6 Earth Magic


You had 20 spell levels left.
You knew the following spells:

 Your Spells              Type           Power        Failure   Level  Hunger
a - Sandblast             Erth           ######       0%          1    None
b - Stone Arrow           Conj/Erth      ######       1%          3    None
c - Lee's Rapid Deconstr  Erth           ######....   1%          5    ####...

Your spell library contained the following spells:

 Spells                   Type           Power        Failure   Level  Hunger
 Passwall                 Tmut/Erth      #####...     1%          2    None
 Petrify                  Tmut/Erth      #####...     2%          4    #......


Dungeon Overview and Level Annotations

Branches:
Dungeon (10/15)            Temple (0/1) D:4            Lair (2/6) D:9
 Shoals (0/4) Lair:2        Snake (0/4) Lair:2          Orc (0/2) D:9

Altars:
Dithmenos
Elyvilon
Fedhas
Hepliaklqana
Kikubaaqudgha
Makhleb
Okawaru
Ru
Sif Muna
Trog
Xom
Zin
The Shining One

Shops:
D:4 (   D:7 !

Annotations:
D:4 Pikel
D:10 1 runed door, melvinkitnick's ghost, journeyman GnWz
Lair:2 1 runed door


Innate Abilities, Weirdness & Mutations

You are resistant to damage.
You can heal yourself by infusing magical energy.
You passively map the area around you.
You do not regenerate.


Message History

Aiming: Sandblast (safe; 0% risk of failure)
Press: ? - help, Shift-Dir - straight line, f/p - six-headed hydra
Aim: a six-headed hydra (almost dead)
The blast of sand hits the six-headed hydra.
You kill the six-headed hydra!
Makhleb accepts your kill.
You feel better.
o - 22 stones The spiny frog stings you!!
* * * LOW HITPOINT WARNING * * *
Casting: Sandblast (safe; 0% risk of failure)
Confirm with . or Enter, or press ? or * to list all spells.
Aiming: Sandblast (safe; 0% risk of failure)
Press: ? - help, Shift-Dir - straight line, f - spiny frog
Aim: a spiny frog The blast of sand hits the spiny frog.
The spiny frog is heavily wounded.
o - 21 stones The spiny frog stings you!
You die...

░ ░░◦◦◦················▒
░◦ ░◦◦··············▒··▒
░◦ ░◦◦··············▒··▒
░◦
░░░░░░▒················▒░
░◦
░◦◦◦◦◦▒··············▒··▒
░░
░≈≈≈≈≈╬··············▒▒▒▒
░◦◦◦◦◦▒·······>·····▒▒░░░
░░░░░░▒·····(···†··▒▒░◦◦░░
░·········F@··▒░◦◦◦∩░
░░[···········▒▒◦◦◦◦░░
░◦············▒░◦◦░░░░
░░············▒░◦◦◦◦◦░
░···········▒▒◦◦░◦◦◦░
░··▒·▒▒·▒▒·▒▒░░◦◦◦◦◦░░
░░▒··▒░▒·░▒▒·░
░◦◦◦◦◦◦░░░░░░ ░◦◦··░░▒▒░
░▒▒ ░░◦░◦◦◦◦░◦░◦░░
░░◦◦◦◦░◦◦░░░
░░░░░░░◦◦◦░◦◦◦◦░


You could see a spiny frog.

Vanquished Creatures
  Harold (D:10)
  A hydra (Lair:2)
  4 two-headed ogres
  Joseph (Lair:1)
  A spiny frog (Lair:1)
  A troll (D:10)
  A hornet (D:7)
  A hippogriff (D:8)
  2 wyverns
  20 yaks
  A hungry ghost (D:8)
  Grum (D:9)
  A vampire mosquito (D:10)
  3 nagas (Lair:2)
  2 wargs (D:9)
  Duvessa (D:6)
  3 porcupines (D:9)
  2 water moccasins (Lair:1)
  2 black bears
  4 orc warriors
  4 slaves
  An ice beast (D:5)
  4 phantoms
  5 ogres
  7 wolves
  3 crocodiles (D:9)
  2 centaurs
  A big kobold (D:8)
  8 bullfrogs
  Dowan (D:6)
  4 scorpions
  5 killer bees (D:8)
  10 wights
  3 crimson imps
  2 centaur zombies
  A centaur skeleton (D:5)
  6 hounds
  A jelly (D:9)
  3 orc priests (D:9)
  6 iguanas
  3 bullfrog skeletons
  11 orc wizards
  5 worker ants
  3 killer bee zombies
  A hound zombie (D:6)
  A worker ant zombie (D:9)
  7 adders
  5 shadow imps
  An adder zombie (D:8)
  3 worms
  3 dart slugs
  4 leopard geckos
  28 orcs
  3 giant cockroaches
  15 goblins
  10 hobgoblins
  4 jackals (D:5)
  6 quokkas
  2 ball pythons (D:2)
  9 bats
  4 frilled lizards
  A jackal skeleton (D:6)
  19 kobolds
  3 quokka skeletons
  10 rats
291 creatures vanquished.

Vanquished Creatures (others)
  An adder (D:2)
  2 fungi (D:9)
  15 plants
18 creatures vanquished.

Grand Total: 309 creatures vanquished

Notes
Turn   | Place    | Note
-------+----------+-------------------------------------------
     0 | D:1      | Azzok the Deep Dwarf Earth Elementalist began the quest for
                  | the Orb.
     0 | D:1      | Reached XP level 1. HP: 15/15 MP: 3/3
   246 | D:1      | Reached XP level 2. HP: 17/22 MP: 0/5
  1266 | D:2      | Reached XP level 3. HP: 22/28 MP: 0/6
  1341 | D:2      | Learned a level 3 spell: Stone Arrow
  1558 | D:2      | Found a shimmering altar of Xom.
  1558 | D:2      | Found a glowing silver altar of Zin.
  1558 | D:2      | Noticed an angel
  1599 | D:2      | Reached skill level 5 in Earth Magic
  2147 | D:2      | Reached XP level 4. HP: 24/36 MP: 4/8
  3064 | D:3      | Found a blossoming altar of Fedhas.
  3413 | D:3      | Found a burning altar of Makhleb.
  3417 | D:3      | Reached XP level 5. HP: 29/42 MP: 3/9
  3424 | D:3      | Became a worshipper of Makhleb the Destroyer
  3562 | D:3      | Reached skill level 1 in Conjurations
  3817 | D:3      | Learned a level 5 spell: Lee's Rapid Deconstruction
  3844 | D:4      | Noticed a slave
  3844 | D:4      | Noticed a slave
  3844 | D:4      | Noticed a slave
  3846 | D:4      | Noticed Pikel
  3851 | D:3      | Killed a slave
  4056 | D:4      | Reached skill level 6 in Earth Magic
  4214 | D:4      | Noticed a slave
  4224 | D:4      | Killed a slave
  4280 | D:4      | Found Qaopos's Antique Weapon Emporium.
  4496 | D:4      | Reached XP level 6. HP: 17/49 MP: 1/11
  4677 | D:4      | Killed a slave
  4721 | D:4      | Killed a slave
  5162 | D:4      | Found a staircase to the Ecumenical Temple.
  5181 | D:5      | Entered Level 5 of the Dungeon
  5685 | D:5      | Reached skill level 7 in Earth Magic
  5878 | D:5      | Reached XP level 7. HP: 30/55 MP: 0/13
  6820 | D:5      | Reached skill level 8 in Earth Magic
  7642 | D:6      | Reached skill level 5 in Spellcasting
  7642 | D:6      | Reached XP level 8. HP: 24/62 MP: 8/15
  7736 | D:6      | Noticed Dowan
  7901 | D:6      | Noticed Duvessa
  7909 | D:6      | Killed Duvessa
  7912 | D:6      | Killed Dowan
  8048 | D:6      | Found a bloodstained altar of Trog.
  8327 | D:6      | Reached skill level 9 in Earth Magic
  9043 | D:7      | Reached skill level 5 in Conjurations
  9386 | D:7      | Found a hazy altar of Hepliaklqana.
  9404 | D:7      | Noticed a hornet
  9411 | D:7      | Killed a hornet
  9486 | D:7      | Reached * piety under Makhleb
  9580 | D:7      | Reached skill level 10 in Earth Magic
  9580 | D:7      | Gained mutation: You passively map the area around you.
                  | [Deep Dwarf growth]
  9580 | D:7      | Reached XP level 9. HP: 23/68 MP: 8/18
  9955 | D:7      | Found Hitralumo's Distillery.
 10041 | D:7      | Noticed a two-headed ogre
 10046 | D:7      | Killed a two-headed ogre
 10089 | D:7      | Found a blossoming altar of Fedhas.
 10089 | D:7      | Found an ancient bone altar of Kikubaaqudgha.
 10597 | D:7      | Found a shadowy altar of Dithmenos.
 10670 | D:7      | Found a deep blue altar of Sif Muna.
 11007 | D:8      | Reached skill level 11 in Earth Magic
 11322 | D:8      | Noticed a two-headed ogre
 11332 | D:8      | Killed a two-headed ogre
 11332 | D:8      | Reached XP level 10. HP: 27/75 MP: 13/21
 11818 | D:8      | Reached ** piety under Makhleb
 12175 | D:8      | Noticed a two-headed ogre
 12181 | D:8      | Killed a two-headed ogre
 12181 | D:8      | Reached skill level 12 in Earth Magic
 13573 | D:9      | Reached *** piety under Makhleb
 13708 | D:9      | Found a staircase to the Lair.
 13908 | D:9      | Reached skill level 13 in Earth Magic
 14210 | D:9      | Found a staircase to the Orcish Mines.
 14425 | D:9      | Reached XP level 11. HP: 81/81 MP: 16/23
 14539 | D:9      | Found a sacrificial altar of Ru.
 14989 | D:9      | Reached **** piety under Makhleb
 15299 | D:9      | Noticed Grum
 15301 | D:9      | Killed Grum
 15496 | D:9      | Found a glowing golden altar of the Shining One.
 15496 | D:9      | Found an iron altar of Okawaru.
 15497 | D:9      | Found a white marble altar of Elyvilon.
 15527 | D:10     | Entered Level 10 of the Dungeon
 15750 | D:10     | Identified the +1 trident of the Hundredfold Stars {speed,
                  | *Slow rF+ Int+2}
 15751 | D:10     | Found a runed door.
 15752 | D:10     | Noticed a spriggan rider
 15753 | D:10     | Noticed melvinkitnick's ghost (journeyman GnWz)
 15885 | D:10     | Found a hazy altar of Hepliaklqana.
 15953 | D:10     | Noticed a two-headed ogre
 16069 | D:10     | Killed a two-headed ogre
 16164 | D:10     | Noticed Harold
 16202 | D:10     | Killed Harold
 16362 | D:10     | Found a white marble altar of Elyvilon.
 16362 | D:10     | Noticed a fire dragon
 16518 | Lair:1   | Entered Level 1 of the Lair of Beasts
 16574 | D:9      | Reached skill level 14 in Earth Magic
 16918 | Lair:1   | Noticed Joseph
 16935 | Lair:1   | Killed Joseph
 17592 | Lair:1   | Reached skill level 10 in Conjurations
 17977 | Lair:2   | Found a staircase to the Snake Pit.
 18003 | Lair:2   | Noticed a six-headed hydra
 18007 | Lair:2   | Found a runed door.
 18015 | Lair:2   | Killed a six-headed hydra
 18015 | Lair:2   | HP: 2/81 [spiny frog (22)]
 18016 | Lair:2   | Mangled by a spiny frog

Vault maps used:
D:1:      co_arrival_square_in_a_square_in_a_square
D:2:      grunt_temple_overflow_order_and_chaos_1, minivault_27
D:3:      makhleb_blood_cavern_becter, fedhas_altar_2
D:4:      temple_statues, serial_shops, shop, first_ration, uniq_pikel
D:6:      old_standard_altar, kennysheep_generic_room_13, uniq_duvessa
D:7:      lemuel_doored_altar, lemuel_blue_sif_altar, grunt_dithmenos_shadows,
          grunt_temple_overflow_growth_and_decay, serial_shops, shop,
          grunt_ogre_cave, st_stairs_7, corner_web_ring,
          minmay_misc_feat_secret_circle
D:8:      minmay_hedge_maze
D:9:      marbit_many_paths, gammafunk_temple_overflow_claw,
          minmay_lair_entry_grove, minmay_orc_entry_guard_dogs, uniq_grum
D:10:     ebering_ghost_funeral_grove, grunt_decor_arrowhead, minivault_11,
          minivault_16, hangedman_feature_mirror, uniq_harold
Lair:1:   uniq_joseph
Lair:2:   minmay_shoals_entry_centaurs, guppyfry_snake_entry_garden,
          ebering_ghost_reflecting_pool, nicolae_volcano_entry_s_turn,
          lemuel_fruit_tree

Skill      XL: |  1  2  3  4  5  6  7  8  9 10 11 |
---------------+----------------------------------+-----
Spellcasting   | 2 3 4 5 6 7 8 9 |  9.9
Earth Magic    | 5 6 7 8 10 11 13 14 | 14.6
Conjurations   | 2 4 5 7 8 10 | 10.1
Dodging        | |  2.1
Stealth        | |  2.4
Transmutations | |  0.8

Action                   |  1- 3 |  4- 6 |  7- 9 | 10-12 || total
-------------------------+-------+-------+-------+-------++-------
Melee: Short sword       |    24 |       |       |       ||    24
       Dagger            |    12 |    40 |       |     3 ||    55
 Fire: Blowgun           |       |       |       |    22 ||    22
 Cast: Sandblast         |    56 |    38 |    34 |    61 ||   189
       Stone Arrow       |     7 |    59 |   108 |   158 ||   332
       Lee's Rapid Decon |       |       |       |    28 ||    28
 Abil: Heal Wounds       |       |     1 |       |       ||     1
  Use: Potion            |       |     5 |     5 |     1 ||    11
       Scroll            |       |     8 |     7 |     7 ||    22
  Eat: Chunk             |     5 |    16 |    13 |    18 ||    52
       Ration            |       |       |     2 |     2 ||     4
Armor: Robe              |    20 |     9 |     6 |    21 ||    56
Dodge: Dodged            |    21 |    39 |    25 |    34 ||   119

Table legend:
 A = Non-vault XP
 B = Vault XP
 C = Vault XP percentage of total XP
 D = Non-vault monster count
 E = Vault monster count
 F = Vault count percentage of total count
                 A         B        C        D         E       F
            +---------+---------+-------+---------+---------+-------
      Total |   16554 |    4996 |  23.2 |     257 |      30 |  10.5
            +---------+---------+-------+---------+---------+-------
        D:1 |      33 |       0 |   0.0 |      20 |       0 |   0.0
        D:2 |      77 |       0 |   0.0 |      29 |       0 |   0.0
        D:3 |      55 |      42 |  43.3 |      23 |       1 |   4.2
        D:4 |     277 |       0 |   0.0 |      10 |       0 |   0.0
        D:5 |     819 |       0 |   0.0 |      26 |       0 |   0.0
        D:6 |     573 |     239 |  29.4 |      14 |       2 |  12.5
        D:7 |    1931 |     132 |   6.4 |      20 |       3 |  13.0
        D:8 |    3810 |       0 |   0.0 |      45 |       0 |   0.0
        D:9 |    2876 |    2496 |  46.5 |      41 |      18 |  30.5
       D:10 |    1759 |    1144 |  39.4 |       9 |       2 |  18.2
     Lair:1 |    3377 |     460 |  12.0 |      19 |       1 |   5.0
     Lair:2 |     967 |     483 |  33.3 |       1 |       3 |  75.0
            +---------+---------+-------+---------+---------+-------
